 Dungeon Crawl Stone Soup version 0.30.2 (webtiles) character file.

Game seed: 15334890428302904018

24 porpoise the Trooper (level 3, -4/33 HPs)
             Began as a Hill Orc Fighter on Mar 30, 2024.
             Killed from afar by Sigmund (5 damage)
             ... with a puff of flame
             ... on level 2 of the Dungeon.
             The game lasted 00:02:14 (1044 turns).

porpoise the Trooper (Hill Orc Fighter)             Turns: 1044, Time: 00:02:14

Health: -4/33      AC:  6    Str: 20    XL:     3   Next: 2%
Magic:  3/3        EV:  9    Int:  8    God:
Gold:   64         SH:  4    Dex: 10    Spells: 2/2 levels left

rFire   . . .        a - +0 war axe
rCold   . . .        c - +0 buckler
rNeg    . . .        b - +0 scale mail
rPois   .            (no helmet)
rElec   .            (no cloak)
rCorr   .            (no gloves)
SInv    .            (no boots)
Will    .....        (no amulet) Stlth
                     (no ring)
HPRegen 0.25/turn    (no ring)
MPRegen 0.08/turn

%: no passive effects
@: no status effects
A: no striking features
a: no special abilities


You were on level 2 of the Dungeon.
You visited 1 branch of the dungeon, and saw 2 of its levels.

You collected 64 gold pieces.

Inventory:

Hand Weapons
 a - a +0 war axe (weapon)
Armour
 b - a +0 scale mail (worn)
 c - a +0 buckler (worn)
Scrolls
 h - a scroll of enchant armour {unknown}
 j - a scroll of silence {unknown}
 k - a scroll of butterflies {unknown}
Potions
 d - 3 potions of might
 e - a potion of flight {unknown}
 f - a potion of invisibility {unknown}
 g - a potion of magic {unknown}
 i - a potion of heal wounds {unknown}


   Skills:
 + Level 4.0 Fighting
 * Level 3.7 Axes
 - Level 3.2 Armour
 + Level 3.6 Shields


You had 2 spell levels left.
You didn't know any spells.
Your spell library was empty.

Dungeon Overview and Level Annotations

Branches:
Dungeon (2/15)

Altars:

Annotations:
D:2 Sigmund


Message History

There is an open door here.
HP restored.
There is a stone staircase leading down here.
You climb downwards.
Level annotation: Sigmund
There is a stone staircase leading up here.
A frilled lizard comes into view.
The frilled lizard moves out of view.
Sigmund shouts!
Sigmund hits you but does no damage.
The frilled lizard bites you but does no damage.
You slash Sigmund!
Sigmund is heavily wounded.
You hit the frilled lizard.
The frilled lizard bites you but does no damage.
Sigmund casts a spell.
Sigmund flickers and vanishes!
Deactivating autopickup; reactivate with Ctrl-A.
You block the frilled lizard's attack.
You hit something but do no damage. You closely miss the frilled lizard.
Something hits you. You block the frilled lizard's attack.
You closely miss something. You completely miss the frilled lizard.
Something hits you. The frilled lizard bites you.
You hit something but do no damage. You hit the frilled lizard.
You kill the frilled lizard!
Something hits you but does no damage.
You closely miss something. Something hits you!
You barely miss something. Something hits you!
* * * LOW HITPOINT WARNING * * *
You completely miss something. Something hits you but does no damage.
You slash something! You barely miss something.
You hear some strange, mumbled words.
A puff of flame appears from out of thin air!
The puff of flame hits you.
* * * LOW HITPOINT WARNING * * *
You hear some strange, mumbled words.
A puff of flame appears from out of thin air!
The puff of flame hits you.
You die...

#.........#
#.........#
##.......##
#..<......#
#.........# #####
#.........# #.....
#.........#######....#
#..................#.#
##....{@...###..###..#
...............#....#
######.##.##..##.####
#. #..##..<.# ..
##.....### ###
##.#.... #..#####.
.... . ...


There were no monsters in sight!

Vanquished Creatures
  2 dart slugs (D:1)
  3 endoplasms (D:1)
  A giant cockroach (D:1)
  A goblin (D:1)
  2 hobgoblins (D:1)
  2 ball pythons (D:1)
  2 bats (D:1)
  2 frilled lizards
  3 kobolds (D:1)
  2 rats (D:1)
20 creatures vanquished.

Notes
Turn   | Place    | Note
-------+----------+-------------------------------------------
     0 | D:1      | porpoise the Hill Orc Fighter began the quest for the Orb.
     0 | D:1      | Reached XP level 1. HP: 19/19 MP: 1/1
   257 | D:1      | Reached XP level 2. HP: 27/27 MP: 2/2
   717 | D:1      | Reached skill level 4 in Fighting
   967 | D:2      | Noticed Sigmund
   973 | D:1      | Reached XP level 3. HP: 31/33 MP: 3/3
  1044 | D:2      | HP: 1/33 [something/puff of flame (6)]
  1044 | D:2      | Killed from afar by Sigmund

Illustrated notes

Levels and vault maps discovered:
D:1:      ncdulo_wetmaze, layout_loops_corners
D:2:      layout_rooms, shapermc_ecumenical_altar_acropolis, uniq_sigmund

Skill      XL: |  1  2 |
---------------+-------+-----
Axes           | 3 |  3.7
Fighting       | 4 |  4.0
Armour         | |  3.2
Shields        | |  3.6

Action                     || total
---------------------------++-------
  Melee: War axe           ||    61
 Armour: Scale mail        ||    27
  Dodge: Dodged            ||    21
  Block: Buckler           ||    21
